 Dungeon Crawl Stone Soup version 0.31.0-11-ge490571c62 (webtiles) character file.

Game seed: 4632435154661085938

207 qw the Skirmisher (level 5, 0/30 HPs)
             Began as a Deep Elf Hunter on Feb 3, 2024.
             Slain by a black bear (7 damage)
             ... on level 4 of the Dungeon.
             The game lasted 00:00:08 (1971 turns).

qw the Skirmisher (Deep Elf Hunter)                 Turns: 1971, Time: 00:00:09

Health: 0/30       AC:  5    Str: 10    XL:     5   Next: 54%
Magic:  7/7        EV: 11    Int: 14    God:
Gold:   170        SH:  5    Dex: 18    Spells: 4/4 levels left

rFire   . . .        a - +0 shortbow
rCold   . . .        (shield currently unavailable)
rNeg    . . .        i - +0 ring mail
rPois   .            (no helmet)
rElec   .            (no cloak)
rCorr   .            (no gloves)
SInv    .            (no boots)
Will    .....        f - amulet of reflection
Stlth   +            (no ring)
HPRegen 0.25/turn    (no ring)
MPRegen 0.10/turn

%: reflection
@: no status effects
A: no striking features
a: no special abilities


You were on level 4 of the Dungeon.
You visited 1 branch of the dungeon, and saw 4 of its levels.

You collected 170 gold pieces.


   Skills:
 + Level 1.8 Fighting
 - Level 9.0 Ranged Weapons
 - Level 2.4 Dodging
 - Level 1.2 Stealth


You had 4 spell levels left.
You didn't know any spells.
Your spell library was empty.

Inventory:

Hand Weapons
 a - a +0 shortbow (weapon)
Armour
 i - a +0 ring mail (worn)
Jewellery
 f - an amulet of reflection (around neck)
Scrolls
 d - 2 scrolls of teleportation
Potions
 c - a potion of ambrosia {unknown}
 e - 2 potions of curing

Dungeon Overview and Level Annotations

Branches:
Dungeon (4/15)
 Temple: D:4-7

Altars:


Message History

You climb downwards.
There is a stone staircase leading up here.
You see here a +0 mace.
There is a stone staircase leading down here.
You climb downwards.
Found a stone staircase leading up.
There is a stone staircase leading up here.
Waypoint 3 assigned to D:4.
A black bear comes into view.
You shoot an arrow. The arrow hits the black bear.
The black bear growls angrily.
The black bear is lightly wounded.
You shoot an arrow.
The arrow hits the black bear but does no damage.
The black bear is lightly wounded.
The black bear closely misses you. The black bear claws you.
The black bear claws you but does no damage.
You shoot an arrow. The arrow hits the black bear!
The black bear is heavily wounded.
The black bear bites you but does no damage.
The black bear claws you. The black bear closely misses you.
You shoot an arrow. The arrow hits the black bear.
The black bear is severely wounded.
The black bear goes berserk!
You shoot an arrow.
The arrow closely misses the black bear.
The black bear bites you. The black bear barely misses you.
The black bear closely misses you. The black bear barely misses you.
The black bear closely misses you. You block the black bear's attack.
You shoot an arrow. The arrow hits the black bear.
The black bear is severely wounded.
The black bear bites you. You block the black bear's attack.
The black bear claws you.
You shoot an arrow.
The arrow hits the black bear but does no damage.
The black bear is severely wounded.
The black bear barely misses you.
The black bear claws you but does no damage.
The black bear claws you. The black bear bites you!
You die... ########### .......<@.# #########h# .# ##

You could see a black bear (berserk).

Vanquished Creatures
  Sigmund (D:2)
  3 dart slugs
  A ribbon worm (D:2)
  An orc (D:3)
  4 ball pythons
  10 bats
  3 endoplasms
  3 giant cockroaches
  A goblin (D:3)
  2 hobgoblins
  4 quokkas
  2 frilled lizards
  6 kobolds
  5 rats
46 creatures vanquished.

Notes
Turn   | Place    | Note
-------+----------+-------------------------------------------
     0 | D:1      | qw the Deep Elf Hunter began the quest for the Orb.
     0 | D:1      | Reached XP level 1. HP: 12/12 MP: 3/3
     0 | D:1      | 0 ||| qw: Version: 0.3-a-155-g5e7d8dd
     0 | D:1      | 0 ||| qw: Game counter: 3459
     0 | D:1      | 0 ||| qw: Melee chars always use a shield: true
     0 | D:1      | 0 ||| qw: God list: Okawaru
     0 | D:1      | 0 ||| qw: Allow faded altars: false
     0 | D:1      | 0 ||| qw: Do Orc after clearing Dungeon:15 true
     0 | D:1      | 0 ||| qw: Do second Lair branch before Depths: true
     0 | D:1      | 0 ||| qw: Lair rune preference: random
     0 | D:1      | 0 ||| qw: Goals: Normal
     0 | D:1      | 0 ||| PLANNING D:1-11
   109 | D:1      | Reached XP level 2. HP: 15/16 MP: 4/4
   111 | D:1      | Reached skill level 6 in Ranged Weapons
   141 | D:1      | 141 ||| DROPPING +2 sling of flaming.
   418 | D:1      | Found a faded altar of an unknown god.
   640 | D:1      | 640 ||| UPGRADING to amulet of reflection.
   645 | D:1      | 645 ||| READING scroll labelled JELLAKLOFUR.
   645 | D:1      | 645 ||| IDENTIFYING pink potion
   646 | D:1      | 646 ||| READING scroll labelled HEFACU UTITEYXOO.
   647 | D:1      | 647 ||| DRINKING 2 viscous cyan potions.
   677 | D:1      | 677 ||| DROPPING scroll of butterflies.
   678 | D:1      | 678 ||| DROPPING potion of attraction.
   679 | D:1      | 679 ||| DROPPING potion of lignification.
   865 | D:2      | Noticed Sigmund
   868 | D:2      | 868 ||| DRINKING orange potion.
   869 | D:2      | 869 ||| DRINKING 2 inky potions.
   880 | D:2      | Killed Sigmund
   881 | D:2      | Reached skill level 8 in Ranged Weapons
   881 | D:2      | Reached XP level 3. HP: 8/20 MP: 5/5
   881 | D:2      | Reached XP level 4. HP: 10/25 MP: 6/6
   881 | D:2      | Reached XP level 5. HP: 11/29 MP: 7/7
  1276 | D:2      | 1276 ||| UPGRADING to +0 ring mail.
  1286 | D:2      | 1286 ||| DROPPING +0 leather armour.
  1287 | D:2      | 1287 ||| READING scroll of identify.
  1287 | D:2      | 1287 ||| IDENTIFYING scroll labelled ACZAOPHI NOIQI
  1288 | D:2      | 1288 ||| READING 2 scrolls labelled JUNEIG OLIPOSCH.
  1289 | D:2      | 1289 ||| READING 3 scrolls labelled QARULL WIDAESIST.
  1294 | D:2      | 1294 ||| DROPPING scroll of fear.
  1295 | D:2      | 1295 ||| DROPPING scroll of poison.
  1391 | D:3      | Reached skill level 9 in Ranged Weapons
  1912 | D:3      | 1912 ||| DRINKING 3 sedimented purple potions.
  1913 | D:3      | 1913 ||| FLEEEEING.
  1914 | D:3      | 1914 ||| FLEEEEING.
  1915 | D:3      | 1915 ||| FLEEEEING.
  1916 | D:3      | 1916 ||| FLEEEEING.
  1917 | D:3      | 1917 ||| FLEEEEING.
  1918 | D:3      | 1918 ||| FLEEEEING.
  1919 | D:3      | 1919 ||| FLEEEEING.
  1920 | D:3      | 1920 ||| FLEEEEING.
  1921 | D:3      | 1921 ||| FLEEEEING.
  1922 | D:3      | 1922 ||| FLEEEEING.
  1923 | D:3      | 1923 ||| FLEEEEING.
  1924 | D:3      | 1924 ||| FLEEEEING.
  1925 | D:3      | 1925 ||| FLEEEEING.
  1926 | D:3      | 1926 ||| FLEEEEING.
  1927 | D:3      | 1927 ||| FLEEEEING.
  1928 | D:3      | 1928 ||| FLEEEEING.
  1929 | D:3      | 1929 ||| FLEEEEING.
  1930 | D:3      | 1930 ||| FLEEEEING.
  1931 | D:3      | 1931 ||| FLEEEEING.
  1932 | D:3      | 1932 ||| FLEEEEING.
  1933 | D:3      | 1933 ||| FLEEEEING.
  1934 | D:3      | 1934 ||| FLEEEEING.
  1935 | D:3      | 1935 ||| FLEEEEING.
  1936 | D:3      | 1936 ||| FLEEEEING.
  1937 | D:3      | 1937 ||| FLEEEEING.
  1938 | D:3      | 1938 ||| FLEEEEING.
  1939 | D:3      | 1939 ||| FLEEEEING.
  1940 | D:3      | 1940 ||| FLEEEEING.
  1941 | D:3      | 1941 ||| STAIRDANCE
  1943 | D:2      | 1943 ||| DROPPING 2 potions of berserk rage.
  1964 | D:4      | Noticed a black bear
  1971 | D:4      | HP: 7/30 [black bear (5)]
  1971 | D:4      | Slain by a black bear

Levels and vault maps discovered:
D:1:      wander_arrival_fairy_ring, layout_basic,
          chequers_ecumenical_altar_grove, minivault_25, dk_noncrumbling_3,
          skrybe_limestone_x
D:2:      layout_basic, uniq_sigmund
D:3:      minmay_door_path, layout_basic
D:4:      layout_loops_ring, kennysheep_flooded_box, nicolae_wormholes,
          uniq_eustachio

Skill      XL: |  1  2  3  4  5 |
---------------+----------------+-----
Ranged Weapons | 8 9 |  9.0
Fighting       | |  1.8
Dodging        | |  2.4
Stealth        | |  1.2

Action                     |  1- 3 |  4- 6 || total
---------------------------+-------+-------++-------
   Fire: Shortbow          |    67 |    54 ||   121
    Use: Potion            |     3 |     1 ||     4
         Scroll            |     2 |     3 ||     5
 Armour: Leather armour    |     6 |       ||     6
         Ring mail         |       |    12 ||    12
  Dodge: Dodged            |    12 |     8 ||    20
  Block: Other             |     1 |     5 ||     6
         Reflection        |       |     1 ||     1

Table legend:
 A = Non-vault XP
 B = Vault XP
 C = Vault XP percentage of total XP
 D = Non-vault monster count
 E = Vault monster count
 F = Vault count percentage of total count
                 A         B        C        D         E       F
            +---------+---------+-------+---------+---------+-------
      Total |      73 |     223 |  75.3 |      41 |       5 |  10.9
            +---------+---------+-------+---------+---------+-------
        D:1 |      31 |       0 |   0.0 |      17 |       0 |   0.0
        D:2 |      23 |     214 |  90.3 |      13 |       1 |   7.1
        D:3 |      19 |       9 |  32.1 |      11 |       4 |  26.7
            +---------+---------+-------+---------+---------+-------
